 Dungeon Crawl Stone Soup version 0.27-a0-1381-g81fdcbfb23 (webtiles) character file.

Game seed: 2672152211927459248

16320 Froggeryz the Slicer (level 12, -14/111 HPs)
             Began as an Octopode Berserker on June 30, 2021.
             Was a High Priest of Trog.
             Demolished by an eight-headed hydra (18 damage)
             ... on level 2 of the Lair of Beasts.
             The game lasted 00:14:47 (13215 turns).

Froggeryz the Slicer (Octopode Berserker)          Turns: 13215, Time: 00:14:48

Health: -14/111    AC:  1    Str: 25    XL:     12   Next: 36%
Magic:  4/4        EV: 20    Int: 15    God:    Trog [*****.]
Gold:   663        SH:  5    Dex: 17    Spells: 11/11 levels left

rFire    + . .     SeeInvis .   r - +8 rapier "Gais" {antimagic, rCorr Int+6}
rCold    . . .     Faith    +   j - +0 buckler
rNeg     . . .     Spirit   .   (helmet restricted)
rPois    +         Reflect  .   t - amulet of faith
rElec    .         Harm     .   e - ring of protection from fire
rCorr    +         Rampage  .   (no ring)
Will     .....                  l - ring of Xibb {rPois Str+9}
Stlth    ..........             (no ring)
HPRegen  0.28/turn              (no ring)
MPRegen  0.09/turn              (no ring)
                                (no ring)
                                (no ring)

@: berserking, very quick
A: almost no armour, amphibious, 8 rings, camouflage 1, gelatinous body 1,
nimble swimmer 1, tentacles
a: Renounce Religion, Berserk, Trog's Hand, Brothers in Arms


You were on level 2 of the Lair of Beasts.
You worshipped Trog.
Trog was extremely pleased with you.
You visited 2 branches of the dungeon, and saw 13 of its levels.
You also visited: Ossuary.

You collected 772 gold pieces.
You spent 109 gold pieces at shops.

Inventory:

Hand Weapons
 r - the +8 rapier "Gais" (weapon) {antimagic, rCorr Int+6}
   (You acquired it on level 5 of the Dungeon)

   It reduces the magical energy of the wielder, and disrupts the spells and
   magical abilities of those hit.
   Natural abilities and divine invocations are not affected.
   Int:       It affects your intelligence (+6).
   rCorr:     It protects you from acid and corrosion.
Missiles
 a - 2 curare-tipped darts
 A - 6 javelins
 B - 4 boomerangs
 D - 57 poisoned darts (quivered)
 L - 5 boomerangs of dispersal
Armour
 j - a +0 buckler (worn)
Jewellery
 e - a ring of protection from fire (left tentacle)
 l - the ring of Xibb (on tentacle) {rPois Str+9}
   (You found it on level 8 of the Dungeon)

   [ring of poison resistance]

   Str:       It affects your strength (+9).
   rPois:     It protects you from poison.
 t - an amulet of faith (around mantle)
 w - an amulet of guardian spirit
 y - a ring of ice
 K - a ring of ice
Wands
 h - a wand of paralysis (20)
 p - a wand of iceblast (5)
 u - a wand of flame (41)
 v - a wand of polymorph (34)
 x - a wand of charming (4)
 N - a wand of mindburst (17)
Scrolls
 c - a scroll of holy word
 i - 4 scrolls of teleportation
 m - 5 scrolls of silence
 n - a scroll of summoning
 q - 4 scrolls of magic mapping
 z - 2 scrolls of enchant armour
 E - a scroll of brand weapon
 H - 4 scrolls of identify
 J - a scroll of blinking {unknown}
 M - a scroll of noise {unknown}
Potions
 b - 5 potions of curing
 d - 2 potions of berserk rage {unknown}
 f - 4 potions of flight
 g - 2 potions of mutation
 k - a potion of might
 o - 3 potions of attraction
 s - a potion of lignification {unknown}
 C - a potion of ambrosia {unknown}
 F - a potion of magic {unknown}
 G - a potion of degeneration {unknown}
 I - a potion of haste {unknown}


   Skills:
 - Level 4.1 Fighting
 - Level 12.5 Short Blades
 * Level 12.1 Dodging
 + Level 11.8 Stealth
 - Level 4.3 Shields


You had 11 spell levels left.
You didn't know any spells.
Your spell library was empty.

Dungeon Overview and Level Annotations

Branches:
Dungeon (11/15)            Temple (0/1) D:7            Lair (2/6) D:11
 Shoals (0/4) Lair:2          Orc (0/2) D:11        Ossuary (visited)
  Snake: Lair:2-4    Spider: Lair:2-4

Altars:
Elyvilon
Fedhas
Hepliaklqana
Okawaru
Qazlal
Xom
Yredelemnul

Shops:
D:8 *:[?   D:9 =

Annotations:
D:8 Psyche


Innate Abilities, Weirdness & Mutations

You cannot wear most types of armour.
You are amphibious.
You can wear up to eight rings at the same time.
Your skin changes colour to match your surroundings (Stealth+).
Your rubbery body absorbs attacks. (AC +1, EV +1)
You are camouflaged near water. (Stealth+)
You have tentacles for arms and can constrict up to eight enemies at once.


Message History

You hit the yak.
The yak is moderately wounded.
The yak barely misses you.
You hit the yak.
The yak is heavily wounded.
You puncture the yak! You squeeze the yak.
The yak is severely wounded.
The yak gores you!
You hit the yak but do no damage. Your squeeze misses the yak.
The yak is severely wounded.
You hit the yak. You squeeze the yak!
You kill the yak!
Trog accepts your kill.
No target in view!
No target in view!
An eight-headed hydra is nearby!
An eight-headed hydra is nearby!
An eight-headed hydra is nearby!
You puncture the eight-headed hydra! You squeeze the eight-headed hydra.
The eight-headed hydra is lightly wounded.
The eight-headed hydra closely misses you.
The eight-headed hydra bites you!
The eight-headed hydra barely misses you.
The eight-headed hydra closely misses you.
The eight-headed hydra completely misses you.
The eight-headed hydra bites you! The eight-headed hydra bites you.
You block the eight-headed hydra's attack.
A red film seems to cover your vision as you go berserk!
You feel yourself moving faster!
You feel mighty! The eight-headed hydra bites you.
The eight-headed hydra misses you.
The eight-headed hydra closely misses you.
The eight-headed hydra bites you!
* * * LOW HITPOINT WARNING * * *
You block the eight-headed hydra's attack.
The eight-headed hydra bites you!
* * * LOW HITPOINT WARNING * * *
The eight-headed hydra bites you.
* * * LOW HITPOINT WARNING * * *
The eight-headed hydra bites you!!
You die...

##..###.....# ♣≈PP≈♣♣ #
#.#####....# ♣≈≈≈≈≈≈♣♣
####..#..#....#♣♣≈≈≈≈≈≈≈≈
..........[...♣♣P≈≈≈≈≈≈≈≈
............^.♣♣≈≈≈≈≈≈≈≈≈
P#.#..........♣≈P≈≈≈≈≈≈≈≈
##########....♣≈≈≈≈≈≈≈≈≈P
#.....†≈≈≈≈≈≈≈P≈
##...##≈@D≈≈≈P≈≈≈
#......≈)≈≈≈≈≈≈≈≈
####......≈≈P≈≈≈≈≈≈≈
#.###.....≈≈≈≈..≈≈≈≈
#.........≈P.≈..≈..≈
#...##.#............
#....##.............
#...####.#...###....
#...###.#....


You could see an eight-headed hydra.

Vanquished Creatures
  2 hydras
  2 two-headed ogres
  A centaur warrior (D:8)
  Pikel (D:8)
  A manticore (D:8)
  A black mamba (Lair:1)
  Joseph (D:10)
  2 cane toads
  A komodo dragon (Lair:1)
  2 trolls
  A hornet (D:9)
  Grinder (D:6)
  A blink frog (Lair:2)
  3 slime creatures (D:10)
  2 shadows (D:9)
  A wyvern (D:10)
  A vampire (D:11)
  3 wraiths
  Sigmund (D:2)
  10 yaks
  Grum (D:8)
  Menkaure (D:6)
  A steam dragon (D:6)
  An acid dragon (D:10)
  Duvessa (D:6)
  3 water moccasins
  An ice beast (D:8)
  2 hornet zombies (D:8)
  6 orc warriors
  A sky beast (D:8)
  4 black bears
  A necrophage (D:7)
  4 wolves (D:8)
  2 ogres (D:5)
  5 centaurs
  3 lemures (D:8)
  Blork the orc (D:6)
  3 kobold brigands
  3 bullfrogs
  2 gnoll sergeants
  Dowan (D:6)
  A wyvern zombie (D:8)
  9 killer bees
  13 wights
  6 howler monkeys
  4 centaur zombies
  4 jellies
  A centaur skeleton (D:7)
  2 hounds
  3 orc priests
  A gnoll shaman (D:9)
  3 iguanas
  4 orc wizards
  A scorpion zombie (D:5)
  A killer bee zombie (D:8)
  A hound skeleton (D:5)
  A mummy (D:4)
  6 gnolls (D:5)
  5 howler monkey zombies
  5 adders
  3 white imps
  An ufetubus (D:5)
  An adder skeleton (D:4)
  2 worms
  24 orcs
  3 endoplasms
  4 giant cockroaches
  5 goblins
  8 hobgoblins
  5 jackals
  2 quokkas (D:2)
  2 ball pythons
  5 bats
  4 frilled lizards
  3 hobgoblin skeletons (Ossuary)
  A hobgoblin zombie (Ossuary)
  19 kobolds
  4 kobold zombies (Ossuary)
  An orc zombie (Ossuary)
  5 rats
258 creatures vanquished.

Vanquished Creatures (others)
  A gnoll sergeant (D:8)
  5 fungi (Lair:2)
  36 plants
42 creatures vanquished.

Grand Total: 300 creatures vanquished

Notes
Turn   | Place    | Note
-------+----------+-------------------------------------------
     0 | D:1      | Froggeryz the Octopode Berserker began the quest for the
                  | Orb.
     0 | D:1      | Reached XP level 1. HP: 16/16 MP: 1/1
   151 | D:1      | Reached skill level 1 in Stealth
   152 | D:1      | Reached XP level 2. HP: 21/21 MP: 2/2
  1011 | D:1      | Found a faded altar of an unknown god.
  1063 | D:2      | Reached XP level 3. HP: 26/26 MP: 3/3
  1185 | D:2      | Noticed Sigmund
  1193 | D:2      | Killed Sigmund
  1194 | D:2      | Reached skill level 5 in Short Blades
  1194 | D:2      | Reached XP level 4. HP: 23/31 MP: 4/4
  1194 | D:2      | Reached XP level 5. HP: 27/36 MP: 5/5
  1600 | D:2      | Reached ** piety under Trog
  2175 | D:3      | Reached XP level 6. HP: 42/42 MP: 6/6
  2993 | D:4      | Found a sand-covered staircase.
  3000 | Ossuary  | Entered an ossuary
  3064 | Ossuary  | Reached *** piety under Trog
  3078 | Ossuary  | Reached skill level 5 in Stealth
  3099 | Ossuary  | Noticed a flying skull
  3099 | Ossuary  | Noticed a wraith
  3110 | Ossuary  | Noticed a flying skull
  3112 | Ossuary  | Noticed a flying skull
  3138 | Ossuary  | Noticed a flying skull
  3139 | Ossuary  | Noticed a flying skull
  3218 | Ossuary  | Reached XP level 7. HP: 46/46 MP: 7/7
  3232 | Ossuary  | Noticed a wraith
  3233 | Ossuary  | Killed a wraith
  3244 | Ossuary  | Noticed a wraith
  3245 | Ossuary  | Killed a wraith
  3540 | D:4      | You fall into a shaft and drop 3 floors!
  3543 | D:7      | Found a stormy altar of Qazlal.
  3605 | D:7      | Reached XP level 8. HP: 45/52 MP: 8/8
  3852 | D:5      | Entered Level 5 of the Dungeon
  3859 | D:5      | Found an iron altar of Okawaru.
  3860 | D:5      | Found a basalt altar of Yredelemnul.
  3981 | D:5      | Found a hazy altar of Hepliaklqana.
  4310 | D:4      | Reached skill level 1 in Shields
  4579 | D:5      | Reached **** piety under Trog
  4695 | D:5      | Found a white marble altar of Elyvilon.
  4703 | D:5      | Identified a scroll of acquirement
  4704 | D:5      | Acquired the +8 rapier "Gais" {antimagic, rCorr Int+6}
  4882 | D:5      | Reached XP level 9. HP: 52/56 MP: 3/9
  5174 | D:6      | Noticed Duvessa
  5176 | D:6      | Noticed Dowan
  5178 | D:6      | Killed Duvessa
  5183 | D:6      | Killed Dowan
  5260 | D:6      | Noticed Grinder
  5269 | D:6      | Killed Grinder
  5355 | D:6      | Noticed Menkaure
  5360 | D:6      | Killed Menkaure
  5361 | D:6      | Reached skill level 10 in Short Blades
  5640 | D:6      | Noticed Blork the orc
  5647 | D:6      | Killed Blork the orc
  5858 | D:7      | Found a staircase to the Ecumenical Temple.
  6198 | D:7      | Reached skill level 5 in Dodging
  6510 | D:8      | Found Alagiqi's Magic Scroll Boutique.
  6518 | D:8      | Bought a scroll of fear for 38 gold pieces
  6518 | D:8      | Bought a scroll of teleportation for 33 gold pieces
  6518 | D:8      | Bought a scroll of magic mapping for 38 gold pieces
  6548 | D:8      | Found Pimeecs's Antique Armour Shoppe.
  6833 | D:8      | Noticed Pikel
  6864 | D:8      | Killed Pikel
  6865 | D:8      | Reached XP level 10. HP: 46/63 MP: 3/10
  7114 | D:8      | Found a blossoming altar of Fedhas.
  7192 | D:8      | Noticed Grum
  7203 | D:8      | Killed Grum
  7535 | D:8      | Noticed a centaur warrior
  7551 | D:8      | Killed a centaur warrior
  7629 | D:8      | Noticed a seven-headed hydra
  7862 | D:8      | Killed a seven-headed hydra
  7938 | D:8      | Identified the ring of Xibb {rPois Str+9}
  7978 | D:8      | Noticed a two-headed ogre
  7984 | D:8      | Killed a two-headed ogre
  7985 | D:8      | Reached XP level 11. HP: 67/67 MP: 3/11
  8023 | D:8      | Noticed Psyche
  8041 | D:8      | Found Weynysus's General Store.
  8118 | D:8      | Found Giuhiysk's Book Emporium.
  8212 | D:8      | Noticed a manticore
  8234 | D:8      | Killed a manticore
  9071 | D:9      | Reached ***** piety under Trog
  9349 | D:9      | Found Zaraqini's Jewellery Shoppe.
  9912 | D:10     | Entered Level 10 of the Dungeon
  9983 | D:10     | Found a shimmering altar of Xom.
  9983 | D:10     | Found a shimmering altar of Xom.
  9983 | D:10     | Found a shimmering altar of Xom.
  9984 | D:10     | Found a shimmering altar of Xom.
  9991 | D:10     | Reached skill level 10 in Dodging
 10252 | D:10     | Found a shimmering altar of Xom.
 10415 | D:10     | Noticed Joseph
 10425 | D:10     | Killed Joseph
 10997 | D:10     | Reached skill level 10 in Stealth
 11488 | D:11     | Noticed a four-headed hydra
 11491 | D:11     | Killed a four-headed hydra
 11561 | D:11     | Found a staircase to the Lair.
 11601 | D:11     | Noticed a two-headed ogre
 11607 | D:11     | Killed a two-headed ogre
 11608 | D:11     | Reached XP level 12. HP: 74/74 MP: 4/12
 11687 | D:11     | Found a staircase to the Orcish Mines.
 12165 | Lair:1   | Entered Level 1 of the Lair of Beasts
 12926 | Lair:2   | Found a staircase to the Shoals.
 12993 | Lair:2   | Noticed an eight-headed hydra
 13215 | Lair:2   | HP: 4/111 [eight-headed hydra (4)]
 13215 | Lair:2   | Demolished by an eight-headed hydra

Illustrated notes

Levels and vault maps discovered:
D:1:      minmay_arrival_checkered_box, layout_loops_cross,
          shapermc_ecumenical_altar_hornbeckon, minmay_circled_x
D:2:      layout_loops_corners, uniq_sigmund
D:3:      layout_loops_ring
D:4:      layout_loops_ring, gup_ossuary_entry_pyramid, hangedman_decor_opposing
D:5:      layout_basic, overflow_temple_1_default,
          gammafunk_temple_overflow_statue, nicolae_hepliaklqana_hazy_memory
D:6:      layout_basic, supply_closet_lemuel, uniq_menkaure, uniq_duvessa,
          uniq_blork_the_orc, uniq_grinder
D:7:      kennysheep_spiral_hall, layout_basic,
          nicolae_qazlal_general_emergency, minmay_temple_entry_overgrown
D:8:      layout_basic, fedhas_altar_1, serial_shops, kennysheep_mini_moat,
          nicolae_stop_n_shop_2, nicolae_shop_waterfront, shop, minivault_21,
          hangedman_decor_clover_reticule, minmay_pinched_square, uniq_psyche,
          uniq_grum, uniq_pikel
D:9:      layout_long_grid, minmay_shop_enchanted_jewellery,
          hangedman_corner_corridor
D:10:     layout_basic, xom_redecorated, uniq_joseph
D:11:     layout_roguey, lair_entry_dummy, orc_0_dummy
Lair:1:   layout_cave_pods, st_stairs_6, serial_bayou_shore_b,
          lemuel_fruit_fields, lemuel_fruit_fields
Lair:2:   layout_small_grid, minmay_shoals_entry_centaurs,
          eino_house_with_fridge, serial_bayou_shore_a

Skill      XL: |  1  2  3  4  5  6  7  8  9 10 11 12 |
---------------+-------------------------------------+-----
Stealth        | 1 4 5 6 8 10 11 | 11.8
Short Blades   | 5 6 7 9 11 12 | 12.5
Shields        | 2 4 |  4.3
Dodging        | 6 8 11 12 | 12.1
Fighting       | 4 |  4.1

Action                   |  1- 3 |  4- 6 |  7- 9 | 10-12 || total
-------------------------+-------+-------+-------+-------++-------
Melee: Short sword       |    18 |       |       |       ||    18
       Constrict         |    10 |    14 |    29 |    47 ||   100
       Tentacles         |     7 |    12 |    32 |   113 ||   164
       Dagger            |    29 |    80 |    61 |       ||   170
       Rapier            |       |       |    86 |   339 ||   425
       Unarmed           |       |       |    16 |       ||    16
Throw: Dart              |       |       |       |     1 ||     1
Invok: Berserk           |       |     1 |     2 |    11 ||    14
       Trog's Hand       |       |       |       |     3 ||     3
Evoke: Wand              |       |       |       |     8 ||     8
  Use: Scroll            |     2 |     3 |     9 |     7 ||    21
       Potion            |       |       |       |     2 ||     2
 Stab: Sleeping          |     9 |    17 |    19 |    13 ||    58
       Distracted        |       |       |     2 |     2 ||     4
Armor: Skin              |     5 |     2 |     2 |     9 ||    18
Dodge: Dodged            |    16 |    33 |    65 |   179 ||   293
Block: Buckler           |       |       |     6 |    45 ||    51

Table legend: (Time is in decaauts)
 A = Elapsed time spent in this place.
 B = Non-inter-level travel time spent in this place.
 C = Inter-level travel time spent in this place.
 D = Time resting spent in this place.
 E = Time spent auto-exploring this place.
 F = Levels seen in this place.
 G = Mean time per level.
                   A        B        C        D        E       F      G
               +--------+--------+--------+--------+--------+-----+--------+
         Total |  13110 |  12578 |    532 |   1997 |   8716 |  14 |  936.4 |
       Dungeon |  11773 |  11261 |    512 |   1759 |   7870 |  11 | 1070.3 |
          Lair |   1034 |   1014 |     20 |    171 |    741 |   2 |  517.0 |
       Ossuary |    302 |    302 |      0 |     66 |    105 |   1 |  302.0 |
               +--------+--------+--------+--------+--------+-----+--------+

Top non-repeatable levels by time:
     D:8: 1912 daAuts
     D:9: 1540 daAuts
    D:10: 1329 daAuts
     D:2: 1054 daAuts
     D:1: 1053 daAuts
     D:5: 1043 daAuts
     D:7: 1013 daAuts
    D:11: 851 daAuts
  Lair:1: 758 daAuts
     D:3: 742 daAuts
     D:4: 631 daAuts
     D:6: 599 daAuts
 Ossuary: 302 daAuts
  Lair:2: 276 daAuts
